 Dungeon Crawl Stone Soup version 0.29-a0-284-gf9362112df (webtiles) character file.

Game seed: 13868739875141423096

37 mistaj the Chopper (level 3, -4/29 HPs)
             Began as a Demonspawn Monk on Mar 22, 2022.
             Slain by Terence
             ... wielding a +4 flail
              (10 damage)
             ... on level 2 of the Dungeon.
             The game lasted 00:01:42 (987 turns).

mistaj the Chopper (Demonspawn Monk)                 Turns: 987, Time: 00:01:43

Health: -4/29      AC:  5    Str: 13    XL:     3   Next: 23%
Magic:  3/3        EV: 11    Int: 11    God:
Gold:   55         SH:  0    Dex: 17    Spells: 2/2 levels left

rFire   . . .      SeeInvis .   a - +0 hand axe
rCold   . . .      Faith    .   (no shield)
rNeg    . . .      Spirit   .   e - +0 ring mail
rPois   .          Reflect  .   (no helmet)
rElec   .          Harm     .   (no cloak)
rCorr   .          Rampage  .   (no gloves)
Will    .....                   (no boots)
Stlth   ++........              (no amulet)
HPRegen 0.09/turn               (no ring)
MPRegen 0.08/turn               (no ring)

@: no status effects
A: thin skeletal structure 1, demonic touch 1
a: no special abilities


You were on level 2 of the Dungeon.
You visited 1 branch of the dungeon, and saw 2 of its levels.

You collected 55 gold pieces.

Inventory:

Hand Weapons
 a - a +0 hand axe (weapon)
Armour
 e - a +0 ring mail (worn)
Scrolls
 b - a scroll of blinking {unknown}
 d - a scroll of fog {unknown}
 f - a scroll of teleportation {unknown}
 g - a scroll of vulnerability {unknown}
 h - a scroll of identify {unknown}
Potions
 c - a potion of ambrosia
 i - 2 potions of curing {unknown}
 j - a potion of degeneration {unknown}
 k - a potion of heal wounds {unknown}


   Skills:
 + Level 3.4 Fighting
 * Level 3.6 Axes
 - Level 2.6 Dodging
 - Level 1.7 Stealth


You had 2 spell levels left.
You didn't know any spells.
Your spell library was empty.

Dungeon Overview and Level Annotations

Branches:
Dungeon (2/15)

Altars:

Shops:
D:1 :

Annotations:
D:2 Terence


Innate Abilities, Weirdness & Mutations

You have a somewhat thin skeletal structure. (Dex +2, Stealth+)
Your touch may inflict minor irresistible damage on your foes.


Message History

k - a brown potion The ball python hisses angrily.
You hit the ball python.
You touch the ball python.
You kill the ball python!
No target in view!
No target in view!
No target in view!
You see here a ball python corpse.
You see here a +0 mace.
You now have 55 gold pieces (gained 8).
You see here a +0 mace.
i - 2 coppery potions (gained 1)
An endoplasm comes into view.
Found a hand axe and 2 large rocks.
Terence the Incautious comes into view.
He is wielding a +4 flail and wearing a +4 scale mail of cold resistance.
Terence shouts!
The endoplasm quivers.
The endoplasm hits you.
You hit the endoplasm.
You kill the endoplasm!
You hit Terence but do no damage. Your touch misses Terence.
Terence hits you with a +4 flail!
You barely miss Terence. Terence completely misses you.
You barely miss Terence. Terence hits you with a +4 flail.
Terence shouts, "Now you die!" Terence attacks as you move away!
Terence completely misses you. Terence attacks as you move away!
Terence closely misses you. Terence attacks as you move away!
Terence closely misses you. Terence attacks as you move away!
Terence hits you with a +4 flail.
* * * LOW HITPOINT WARNING * * *
Terence attacks as you move away! Terence hits you with a +4 flail.
* * * LOW HITPOINT WARNING * * *
Terence attacks as you move away! Terence closely misses you.
Terence shouts, "Now you die!" Terence attacks as you move away!
Terence closely misses you. Terence attacks as you move away!
Terence hits you but does no damage. Terence attacks as you move away!
Terence barely misses you. Terence attacks as you move away!
Terence misses you. Terence attacks as you move away!
Terence hits you with a +4 flail!
You die...

###.###....##.#.# ....
#...#.......# ....
#.#.#..#..#....... ...
#.##...#.######... #..
###.###..†<# . #..
##...###..#†######. #..
#..................
#..####..####.#....##.#.#
#..........@@.#...##
#.........>.......#
#.#.###..#.##..###.#
#.#)# #..#.##.## # # #.#
#.......# ... ##.#...##
.(. ..###.# #...###.. ..
##.## ##


You could see Terence.

Vanquished Creatures
  An adder (D:2)
  A dart slug (D:1)
  An endoplasm (D:2)
  A giant cockroach (D:1)
  A goblin (D:1)
  4 hobgoblins
  2 quokkas
  3 ball pythons
  5 bats (D:1)
  3 frilled lizards (D:1)
  3 rats (D:1)
25 creatures vanquished.

Notes
Turn   | Place    | Note
-------+----------+-------------------------------------------
     0 | D:1      | mistaj the Demonspawn Monk began the quest for the Orb.
     0 | D:1      | Reached XP level 1. HP: 18/18 MP: 1/1
   193 | D:1      | Gained mutation: Your touch may inflict minor irresistible
                  | damage on your foes. [demonic ancestry]
   193 | D:1      | Reached XP level 2. HP: 24/24 MP: 2/2
   477 | D:1      | Found Vecwafu's Book Shop.
   870 | D:2      | Gained mutation: You have a somewhat thin skeletal
                  | structure. (Dex +2, Stealth+) [demonic ancestry]
   870 | D:2      | Reached XP level 3. HP: 25/29 MP: 3/3
   941 | D:2      | Noticed Terence
   987 | D:2      | Slain by Terence

Illustrated notes

Levels and vault maps discovered:
D:1:      lemuel_arrival_rhombus, layout_basic, serial_shops, shop
D:2:      layout_loops_ring, hangedman_decor_slide_cut, uniq_terence,
          uniq_sigmund, uniq_crazy_yiuf_cottage

Skill      XL: |  1 |
---------------+----+-----
Axes           | 3 |  3.6
Fighting       | |  3.4
Dodging        | |  2.6
Stealth        | |  1.7

Action                   || total
-------------------------++-------
Melee: Hand axe          ||    63
       Touch             ||     6
Armor: Ring mail         ||    25
Dodge: Dodged            ||    51

Table legend: (Time is in decaauts)
 A = Elapsed time spent in this place.
 B = Non-inter-level travel time spent in this place.
 C = Inter-level travel time spent in this place.
 D = Time resting spent in this place.
 E = Time spent auto-exploring this place.
 F = Levels seen in this place.
 G = Mean time per level.
                   A        B        C        D        E       F      G
               +--------+--------+--------+--------+--------+-----+--------+
         Total |    995 |    983 |     12 |    196 |    512 |   2 |  497.5 |
       Dungeon |    995 |    983 |     12 |    196 |    512 |   2 |  497.5 |
               +--------+--------+--------+--------+--------+-----+--------+

Top non-repeatable levels by time:
     D:1: 860 daAuts
     D:2: 134 daAuts
